AoeStats
← 3ykonn

MegaRandom

507444460Analyzed
3v3 RM · 13d ago on Sep 18, 2026· 52m 59s· 6 players
Game mode
Random Map
Map size
Normal (6 player)
Population
200
Speed
Normal
Resources
Standard
Victory
Conquest
Starting age
Dark Age
Ending age
Imperial Age
RankedLock teamsTeams togetherTeam positionsShared explorationLock speedFull tech treeHidden civsTurbo modeCheats
Victory
Defeat
🇨🇳 Huns · China
988
+15
🇨🇳 Bohemians · China
987
+15
🇨🇳 Khmer · China
986
+15
🇩🇪 Turks · Germany
1044
-18
🇩🇪 Celts · Germany
945
-14
🇩🇪 Ethiopians · Germany
908
-13
hello_nyle
8:31 Loom
11:10 Feudal Age
12:00 Double-Bit Axe
13:38 Horse Collar
19:07 Castle Age
17:08 Stone Mining
19:01 Forging
23:42 Iron Casting
34:23 Imperial Age
33:43 Gold Mining
36:42 Artillery
51:30 Capped Ram
3ykonn
7:16 Loom
12:37 Feudal Age
13:25 Double-Bit Axe
16:21 Stone Mining
16:23 Gold Mining
15:58 Man-at-Arms
18:57 Horse Collar
24:31 Castle Age
22:44 Scale Mail Armor
23:58 Forging
24:45 Pikeman
27:28 Gold Shaft Mining
28:10 Bow Saw
32:03 Imperial Age
30:37 Stronghold
31:20 Town Watch
32:45 Wheelbarrow
33:06 Heavy Plow
35:22 Stone Shaft Mining
37:19 Hand Cart
37:10 Halberdier
39:06 Town Patrol
41:26 Conscription
41:25 Onager
45:00 Furor Celtica
47:39 Siege Onager
computerj
8:38 Loom
10:48 Feudal Age
11:21 Double-Bit Axe
23:41 Wheelbarrow
23:04 Horse Collar
26:55 Castle Age
27:54 Forging
27:47 Padded Archer Armor
27:38 Fletching
28:05 Thumb Ring
27:28 Crossbowman
28:39 Hand Cart
29:52 Bow Saw
31:37 Iron Casting
31:05 Scale Mail Armor
38:14 Chain Mail Armor
38:17 Leather Archer Armor
37:58 Bodkin Arrow
48:24 Imperial Age
54:03 Imperial Age
闲挂月
10:41 Feudal Age
12:13 Double-Bit Axe
14:30 Horse Collar
16:33 Bloodlines
19:32 Castle Age
19:41 Forging
19:39 Light Cavalry
21:26 Bow Saw
21:17 Heavy Plow
23:10 Wheelbarrow
22:48 Fishing Lines
23:20 Husbandry
23:37 Stone Mining
25:18 Gold Mining
26:20 Thumb Ring
26:37 Scale Barding Armor
28:37 Marauders
29:01 Fletching
29:59 Hand Cart
31:08 Gold Shaft Mining
37:09 Imperial Age
34:37 Bodkin Arrow
36:57 Chain Barding Armor
37:14 Iron Casting
37:22 Elite Tarkan
41:04 Parthian Tactics
44:12 Blast Furnace
43:49 Plate Barding Armor
45:23 Two-Man Saw
50:57 Bracer
52:59 Spies/Treason
秋绥冬禧
13:43 Feudal Age
14:15 Double-Bit Axe
14:13 Horse Collar
22:04 Castle Age
21:54 Fishing Lines
23:04 Heavy Plow
23:18 Bow Saw
29:24 Imperial Age
27:13 Fervor
27:24 Sanctity
28:27 Chemistry
29:11 Wagenburg Tactics
31:26 Two-Man Saw
32:20 Siege Engineers
34:09 Conscription
33:55 Elite Hussite Wagon
泰达津布曲
14:09 Feudal Age
14:42 Double-Bit Axe
19:17 Castle Age
17:11 Horse Collar
19:15 Stone Mining
19:17 Gold Mining
21:56 Bloodlines
21:48 Husbandry
22:03 Forging
21:59 Scale Barding Armor
24:01 Stone Shaft Mining
24:03 Gold Shaft Mining
23:41 Bow Saw
23:33 Heavy Plow
25:03 Iron Casting
25:51 Fletching
30:01 Ballistics
30:27 Bodkin Arrow
33:45 Imperial Age
32:10 Masonry
33:15 Wheelbarrow
35:53 Chemistry
34:58 Double Crossbow
37:11 Blast Furnace
36:32 Chain Barding Armor
38:21 Guard Tower
47:15 Cavalier
49:48 Elite Ballista Elephant
Connection lost

Rejoining the realm…

Still unreachable

The connection could not be restored.

Session expired

The server has moved on; the page needs a fresh start.